 Dungeon Crawl Stone Soup version 0.26-a0-962-g9b92081034 (webtiles) character file.

Game seed: 9625327789689456094

14559 Conn the Covert (level 12, -2/118 HPs)
             Began as an Octopode Fire Elementalist on Dec 2, 2020.
             Was an Elder of Vehumet.
             Slain by a storm dragon (6 damage)
             ... on level 12 of the Dungeon.
             The game lasted 00:50:56 (14374 turns).

Conn the Covert (Octopode Fire Elementalist)       Turns: 14374, Time: 00:50:56

Health: -2/118     AC:  5    Str: 14    XL:     12   Next: 17%
Magic:  2/20       EV: 19    Int: 21    God:    Vehumet [****..]
Gold:   433        SH:  9    Dex: 19    Spells: 3/25 levels left

rFire    + . .     SeeInvis .   k - +7 rapier (elec)
rCold    . . .     Faith    +   p - +3 buckler
rNeg     . . .     Spirit   .   (helmet restricted)
rPois    +         Reflect  .   C - amulet of faith
rElec    .         Harm     .   w - +6 ring of dexterity
rCorr    .         Rampage  .   y - ring of protection from fire
MR       .....                  D - +4 ring of protection
Stlth    ..........             z - +6 ring of strength
HPRegen  0.29/turn              (no ring)
MPRegen  0.17/turn              (no ring)
                                (no ring)
                                (no ring)

@: berserking, very quick
A: almost no armour, stealthy swim, amphibious, 8 rings, constrict 8, camouflage
1, low mp 1, poison resistance, robust 1, gelatinous body 1
a: Renounce Religion


You were on level 12 of the Dungeon.
You worshipped Vehumet.
Vehumet was greatly pleased with you.
You visited 1 branch of the dungeon, and saw 12 of its levels.

You collected 753 gold pieces.
You spent 320 gold pieces at shops.

Inventory:

Hand Weapons
 b - a +0 dagger
 d - a +0 short sword
 k - a +7 rapier of electrocution (weapon)
 r - a +3 long sword of flaming
Missiles
 j - 2 atropa-tipped darts
 o - 49 poisoned darts
 F - 2 curare-tipped darts (quivered)
Armour
 p - a +3 buckler (worn)
Jewellery
 g - an uncursed amulet of regeneration
 w - a +6 ring of dexterity (left tentacle)
 y - a ring of protection from fire (right tentacle)
 z - a +6 ring of strength (on tentacle)
 C - an amulet of faith (around mantle)
 D - a +4 ring of protection (on tentacle)
 H - an uncursed ring of protection from cold {unknown}
Wands
 m - a wand of random effects (17)
Scrolls
 e - 18 scrolls of remove curse
 i - 12 scrolls of identify
 l - 5 scrolls of amnesia
 q - 6 scrolls of magic mapping
 v - a scroll of teleportation
 B - a scroll of fear {unknown}
 G - a scroll of blinking {unknown}
Potions
 a - 2 potions of might
 c - a potion of brilliance
 f - a potion of haste
 h - a potion of degeneration
 n - 2 potions of mutation
 t - a potion of heal wounds
 u - 2 potions of curing
 x - a potion of invisibility
 A - 4 potions of cancellation
 E - 2 potions of attraction


   Skills:
 + Level 3.2 Fighting
 + Level 7.1 Short Blades
 + Level 1.0 Throwing
 + Level 7.1 Dodging
 + Level 12.4 Stealth
 + Level 6.2 Shields
 + Level 0.1 Unarmed Combat
 * Level 7.3 Spellcasting
 + Level 5.7 Conjurations
 * Level 3.2 Translocations
 + Level 7.4 Fire Magic
 + Level 0.3 Earth Magic


You had 3 spell levels left.
You knew the following spells:

 Your Spells              Type           Power        Failure   Level
a - Foxfire               Conj/Fire      ####         1%          1
b - Conjure Flame         Conj/Fire      #####...     1%          3
c - Iskenderun's Mystic   Conj/Tloc      ####....     4%          4
d - Sticky Flame          Conj/Fire      #####...     1%          4
e - Fireball              Conj/Fire      #####.....   4%          5
f - Stone Arrow           Conj/Erth      ###...       2%          3
g - Blink                 Tloc           N/A          3%          2

Your spell library contained the following spells:

 Spells                   Type           Power        Failure   Level
 Magic Dart               Conj           ####         1%          1
 Inner Flame              Hex/Fire       ###.....     1%          3
 Apportation              Tloc           ###...       2%          1
 Mephitic Cloud           Conj/Pois/Air  ###.....     3%          3
 Call Imp                 Summ           #.......     13%         2
 Corpse Rot               Necr/Air       N/A          13%         2
 Slow                     Hex            #.......     13%         2
 Sublimation of Blood     Necr           #.........   13%         2
 Portal Projectile        Hex/Tloc       ##....       13%         3
 Bolt of Magma            Conj/Fire/Erth ####......   11%         5
 Leda's Liquefaction      Hex/Erth       #.........   61%         4
 Dispel Undead            Necr           #.......     63%         4
 Iron Shot                Conj/Erth      ###.......   65%         6
 Agony                    Necr           #.......     93%         5
 Excruciating Wounds      Necr           #.........   93%         5
 Statue Form              Tmut/Erth      #........    100%        6
 Disjunction              Tloc           ###.......   100%        8
 Shatter                  Erth           #.........   100%        9


Dungeon Overview and Level Annotations

Branches:
Dungeon (12/15)            Temple (0/1) D:5            Lair (0/6) D:11
    Orc (0/2) D:10

Altars:
Cheibriados
Dithmenos
Elyvilon
Gozag
Hepliaklqana
Kikubaaqudgha
Okawaru
Ru
Vehumet
Yredelemnul

Shops:
D:4 [   D:6 *   D:11 :

Annotations:
D:11 3 runed translucent doors, miami27's ghost, journeyman GrFi


Innate Abilities, Weirdness & Mutations

You cannot wear most types of armour.
You are very stealthy in the water. (Stealth+)
You are amphibious.
You can wear up to eight rings at the same time.
You can use your tentacles to constrict eight enemies at once.
Your skin changes colour to match your surroundings (Stealth+).
Your rubbery body absorbs attacks. (AC +1, EV +1)
Your magical capacity is low. (-10% MP)
Your system is resistant to poisons. (rPois)
You are robust. (+10% HP)


Message History

The storm dragon looks more healthy.
You block the storm dragon's attack.
The storm dragon claws you but does no damage.
The storm dragon tramples you but does no damage.
The cyan ugly thing is engulfed in blazing flames.
You hit the storm dragon.
The storm dragon is almost dead.
The storm dragon completely misses you. The storm dragon closely misses you.
The storm dragon tramples you!
You stumble backwards!
You hit the storm dragon but do no damage.
The storm dragon is almost dead.
The cyan ugly thing is engulfed in blazing flames.
You puncture the storm dragon!
The storm dragon is almost dead.
The storm dragon breathes lightning at you.
The bolt of lightning hits you!!
* * * LOW HITPOINT WARNING * * *
You hit the storm dragon. Your squeeze misses the storm dragon.
The storm dragon is almost dead.
The storm dragon bites you.
You die...

#..#.D.V...#....##..<.....###.
#..............# #.######.##..
#......###....## #.# #....#
#......##.{..## #.# ####..
#..(...#....## #.# ####.....
#..(.......## #.# #........
#.(###....## #.# #........
#..##....#########.###........
#.(#.....(°uD@................
#.........##############.#####
#.......#.# #.#####
###.#####.# #...... #......(#
###...# #######.# #.[... #.#
#..... #.# ########..... #.#
#............


You could see a storm dragon (catching breath) and a cyan ugly thing.

Vanquished Creatures
  An ettin (D:12)
  2 boulder beetles
  A centaur warrior (D:12)
  A two-headed ogre (D:7)
  An unseen horror (D:12)
  An ugly thing (D:11)
  A gargoyle (D:10)
  2 kobold demonologists
  2 trolls
  A hornet (shapeshifter) (D:12)
  Prince Ribbit (D:7)
  4 yaks (D:12)
  2 vampires
  A wyvern (D:10)
  A water elemental (D:11)
  Eustachio (D:6)
  A vampire mosquito (D:12)
  3 ice beasts
  2 black bears
  5 sky beasts
  11 orc warriors
  A phantom (D:7)
  6 ogres
  2 wolves (D:11)
  12 centaurs
  A water moccasin zombie (D:9)
  8 bullfrogs
  A wyvern skeleton (D:12)
  A water moccasin skeleton (D:10)
  6 scorpions
  4 killer bees (D:7)
  6 wights
  6 electric eels (D:11)
  5 bullfrog zombies
  10 hounds
  A quasit (D:10)
  A centaur zombie (D:5)
  3 jellies
  6 orc priests
  2 bullfrog skeletons (D:10)
  3 centaur skeletons
  2 iguanas
  12 orc wizards
  A worker ant (D:6)
  A killer bee zombie (D:6)
  2 worker ant zombies
  11 adders
  2 shadow imps
  2 white imps
  An ooze (D:4)
  An adder skeleton (D:8)
  2 adder zombies
  2 worms
  4 dart slugs
  3 leopard geckos
  51 orcs
  9 giant cockroaches
  13 goblins
  5 hobgoblins
  6 kobolds
  6 quokkas
  A ball python (D:3)
  6 bats
  6 frilled lizards
  A leopard gecko skeleton (D:5)
  A quokka zombie (D:5)
  6 rats
287 creatures vanquished.

Vanquished Creatures (others)
  668 foxfires
668 creatures vanquished.

Grand Total: 955 creatures vanquished

Notes
Turn   | Place    | Note
-------+----------+-------------------------------------------
     0 | D:1      | Conn the Octopode Fire Elementalist began the quest for the
                  | Orb.
     0 | D:1      | Reached XP level 1. HP: 11/11 MP: 3/3
   164 | D:1      | Reached XP level 2. HP: 17/17 MP: 1/5
   742 | D:1      | Reached XP level 3. HP: 21/21 MP: 3/6
  1138 | D:2      | Learned a level 3 spell: Conjure Flame
  1192 | D:2      | Found a shadowy altar of Dithmenos.
  1200 | D:2      | Found a snail-covered altar of Cheibriados.
  1305 | D:2      | Reached skill level 3 in Stealth
  1312 | D:2      | Reached XP level 4. HP: 27/27 MP: 4/7
  1612 | D:2      | Found a hazy altar of Hepliaklqana.
  1620 | D:2      | Found a radiant altar of Vehumet.
  1627 | D:2      | Became a worshipper of Vehumet
  1844 | D:3      | Found a sacrificial altar of Ru.
  2239 | D:3      | Reached XP level 5. HP: 18/32 MP: 5/8
  2246 | D:3      | Reached skill level 4 in Stealth
  2530 | D:3      | Learned a level 3 spell: Inner Flame
  2568 | D:4      | Reached skill level 1 in Short Blades
  2568 | D:4      | Reached skill level 1 in Shields
  2592 | D:4      | Noticed an orc warrior
  2599 | D:4      | Killed an orc warrior
  2599 | D:4      | Reached * piety under Vehumet
  2599 | D:4      | Offered knowledge of Magic Dart by Vehumet.
  2600 | D:4      | Reached XP level 6. HP: 37/37 MP: 9/9
  2605 | D:4      | Reached skill level 5 in Stealth
  2819 | D:4      | Found Soimaixoi's Antique Armour Emporium.
  3379 | D:5      | Entered Level 5 of the Dungeon
  3426 | D:5      | Noticed a sky beast
  3444 | D:5      | Killed a sky beast
  3445 | D:5      | Reached skill level 1 in Fighting
  3445 | D:5      | Reached XP level 7. HP: 17/43 MP: 4/11
  3708 | D:5      | Learned a level 4 spell: Sticky Flame
  3788 | D:5      | Found a staircase to the Ecumenical Temple.
  4438 | D:6      | Reached skill level 5 in Fire Magic
  4578 | D:6      | Reached skill level 6 in Stealth
  4634 | D:6      | Reached XP level 8. HP: 48/48 MP: 7/12
  4715 | D:6      | Noticed Eustachio
  4724 | D:6      | Killed Eustachio
  4794 | D:6      | Found an opulent altar of Gozag.
  4794 | D:6      | Found Gozag's Platinum Reserve.
  5311 | D:6      | Reached ** piety under Vehumet
  5312 | D:6      | Offered knowledge of Sandblast by Vehumet.
  5500 | D:7      | Noticed Prince Ribbit
  5517 | D:7      | Killed Prince Ribbit
  5518 | D:7      | Reached skill level 7 in Stealth
  5518 | D:7      | Reached XP level 9. HP: 19/54 MP: 7/15
  5781 | D:7      | Found an ancient bone altar of Kikubaaqudgha.
  5849 | D:7      | Gained mutation: Your system is resistant to poisons.
                  | (rPois) [potion of mutation]
  5849 | D:7      | Gained mutation: You evolve. [potion of mutation]
  6480 | D:7      | Reached skill level 5 in Dodging
  6623 | D:7      | Identified the Catalogue of the Unstable Volcanoes
  6745 | D:8      | Offered knowledge of Dazzling Flash by Vehumet.
  6767 | D:8      | Noticed a two-headed ogre
  7129 | D:7      | Killed a two-headed ogre
  7130 | D:7      | Reached skill level 8 in Stealth
  7130 | D:7      | Reached skill level 5 in Shields
  7130 | D:7      | Reached skill level 5 in Spellcasting
  7130 | D:7      | Reached XP level 10. HP: 39/61 MP: 3/17
  7315 | D:8      | Reached *** piety under Vehumet
  7579 | D:8      | Learned a level 5 spell: Fireball
  7607 | D:8      | Found a basalt altar of Yredelemnul.
  7781 | D:8      | Found a white marble altar of Elyvilon.
  8127 | D:8      | Gained mutation: Your magical capacity is low. (-10% MP)
                  | [evolution]
  8479 | D:9      | Found a sacrificial altar of Ru.
  8503 | D:9      | Reached skill level 9 in Stealth
  8580 | D:9      | Found an iron altar of Okawaru.
  8622 | D:9      | Offered knowledge of Static Discharge by Vehumet.
  8977 | D:9      | Reached skill level 5 in Short Blades
  9396 | D:10     | Entered Level 10 of the Dungeon
  9595 | D:10     | Reached skill level 10 in Stealth
  9787 | D:10     | Reached **** piety under Vehumet
  9990 | D:10     | Found a staircase to the Orcish Mines.
 10035 | D:10     | Noticed a gargoyle
 10042 | D:10     | Killed a gargoyle
 10075 | D:10     | Offered knowledge of Stone Arrow by Vehumet.
 10092 | D:10     | Gained mutation: You are robust. (+10% HP) [evolution]
 10095 | D:10     | Learned a level 3 spell: Stone Arrow
 10837 | D:11     | Reached XP level 11. HP: 73/73 MP: 17/17
 10840 | D:11     | Noticed a cyan ugly thing
 10843 | D:11     | Killed a cyan ugly thing
 10862 | D:11     | Noticed a boulder beetle
 10865 | D:11     | Killed a boulder beetle
 10866 | D:11     | Reached skill level 11 in Stealth
 10882 | D:11     | Found a runed translucent gate.
 10882 | D:11     | Found a runed translucent gate.
 10882 | D:11     | Found a runed translucent gate.
 10887 | D:11     | Noticed miami27's ghost (journeyman GrFi)
 11439 | D:11     | Found a staircase to the Lair.
 11769 | D:11     | Reached ***** piety under Vehumet
 11806 | D:11     | Offered knowledge of Iskenderun's Mystic Blast by Vehumet.
 11950 | D:11     | Found Aptoluot's Book Emporium.
 11956 | D:11     | Reached skill level 5 in Conjurations
 11958 | D:11     | Bought a book of Minor Magic for 320 gold pieces
 11961 | D:11     | Learned a level 2 spell: Blink
 12187 | D:11     | Learned a level 4 spell: Iskenderun's Mystic Blast
 12324 | D:12     | Noticed a boulder beetle
 12333 | D:12     | Killed a boulder beetle
 12334 | D:12     | Reached skill level 1 in Translocations
 12433 | D:12     | Reached skill level 12 in Stealth
 12514 | D:12     | Noticed an unseen horror
 12519 | D:12     | Killed an unseen horror
 13287 | D:12     | Noticed a four-headed hydra
 13335 | D:12     | Lost mutation: You evolve. [evolution]
 13480 | D:12     | Noticed a cyan ugly thing
 13577 | D:12     | Reached XP level 12. HP: 61/79 MP: 10/20
 13581 | D:12     | Noticed an ettin
 13651 | D:12     | Noticed a centaur warrior
 13656 | D:12     | Killed a centaur warrior
 13680 | D:12     | Noticed a storm dragon
 14068 | D:12     | Killed an ettin
 14069 | D:12     | Reached skill level 1 in Throwing
 14373 | D:12     | HP: 4/118 [storm dragon/bolt of lightning (35)]
 14374 | D:12     | Slain by a storm dragon

Illustrated notes

Levels and vault maps discovered:
D:1:      dpeg_arrival_tiny_c, layout_loops_cross, minmay_pentomino_s2
D:2:      layout_rooms, minitemple, amethyst_overflow_temple_binary,
          minmay_quantized
D:3:      layout_loops_ring, nicolae_ru_sacrificial_ziggurat, minivault_24,
          minmay_checkerbox
D:4:      layout_loops_ring, serial_shops, shop
D:5:      layout_gridville, minmay_temple_entry_mini_moons, serial_rivers,
          chequers_serial_rivers_micro_c, chequers_serial_rivers_large_a,
          chequers_serial_rivers_large_b, chequers_serial_rivers_room_a,
          chequers_serial_rivers_marsh, chequers_serial_rivers_micro_b,
          minivault_14
D:6:      layout_gridville, nicolae_gozag_zags_fifth_avenue, uniq_eustachio
D:7:      layout_basic, general_overflow_altar, uniq_prince_ribbit1
D:8:      layout_loops_corners, kennysheep_ying_yang,
          nicolae_overflow_hidden_temple
D:9:      layout_gridville, basic_altar, kennysheep_okawaru_gauntlet
D:10:     layout_long_grid, david_orc_4
D:11:     layout_stronghold, erik_lair_island, gammafunk_ghost_necromancy,
          serial_shops, kennysheep_little_box, minmay_misc_feat_secret_circle,
          minmay_between
D:12:     minmay_outward_triangles, layout_loops_ring

Skill      XL: |  1  2  3  4  5  6  7  8  9 10 11 12 |
---------------+-------------------------------------+-----
Fire Magic     | 4 5 6 7 |  7.4
Stealth        | 3 4 5 6 7 8 10 12 | 12.4
Short Blades   | 1 2 3 4 5 7 |  7.1
Shields        | 1 2 3 5 6 |  6.2
Fighting       | 1 2 3 |  3.2
Dodging        | 3 4 5 6 7 |  7.1
Spellcasting   | 3 4 5 7 |  7.3
Conjurations   | 2 3 4 5 |  5.7
Translocations | 2 3 |  3.2
Throwing       | 1 |  1.0
Unarmed Combat | |  0.1
Earth Magic    | |  0.3

Action                   |  1- 3 |  4- 6 |  7- 9 | 10-12 || total
-------------------------+-------+-------+-------+-------++-------
Melee: Unarmed           |     7 |       |       |       ||     7
       Constrict         |     6 |     8 |    19 |    25 ||    58
       Short sword       |    19 |       |       |       ||    19
       Tentacles         |     5 |     6 |    18 |    32 ||    61
       Rapier            |     2 |    44 |   111 |   163 ||   320
Throw: Dart              |       |       |     7 |     7 ||    14
 Cast: Foxfire           |    39 |    49 |   144 |   164 ||   396
       Conjure Flame     |       |     1 |    11 |    12 ||    24
       Sticky Flame      |       |       |     2 |    21 ||    23
       Stone Arrow       |       |       |       |     5 ||     5
       Fireball          |       |       |       |    26 ||    26
  Use: Potion            |       |     1 |    12 |     7 ||    20
       Scroll            |       |       |     4 |    15 ||    19
 Stab: Sleeping          |     3 |     8 |     5 |    39 ||    55
       Invisible         |       |       |     2 |       ||     2
Armor: Skin              |     2 |     3 |     9 |    20 ||    34
Dodge: Dodged            |    19 |    15 |    98 |   112 ||   244
Block: Buckler           |       |     7 |    42 |    71 ||   120

Table legend: (Time is in decaauts)
 A = Elapsed time spent in this place.
 B = Non-inter-level travel time spent in this place.
 C = Inter-level travel time spent in this place.
 D = Time resting spent in this place.
 E = Time spent auto-exploring this place.
 F = Levels seen in this place.
 G = Mean time per level.
                   A        B        C        D        E       F      G
               +--------+--------+--------+--------+--------+-----+--------+
         Total |  14368 |  13940 |    428 |   3093 |   6361 |  12 | 1197.3 |
       Dungeon |  14368 |  13940 |    428 |   3093 |   6361 |  12 | 1197.3 |
               +--------+--------+--------+--------+--------+-----+--------+

Top non-repeatable levels by time:
    D:12: 2134 daAuts
     D:7: 1475 daAuts
    D:10: 1434 daAuts
    D:11: 1393 daAuts
     D:6: 1304 daAuts
     D:8: 1240 daAuts
     D:4: 1033 daAuts
     D:1: 1010 daAuts
     D:9: 934 daAuts
     D:3: 862 daAuts
     D:5: 851 daAuts
     D:2: 692 daAuts
